 Dungeon Crawl Stone Soup version 0.20.1-1-g8b1a95d (webtiles) character file.

350 Lennu the Covered (level 6, -5/47 HPs)
             Began as a Demonspawn Fighter on July 13, 2017.
             Killed by divine providence
             ... invoked by an orc priest
              (10 damage)
             ... on level 4 of the Dungeon.
             The game lasted 00:06:56 (4378 turns).

Lennu the Covered (Demonspawn Fighter)              Turns: 4378, Time: 00:06:57

Health: -5/47      AC:  8    Str: 16    XL:     6   Next: 33%
Magic:  6/6        EV:  9    Int:  9    God:
Gold:   155        SH:  9    Dex: 15    Spells: 5/5 levels left

rFire    . . .     SeeInvis .   a - +0 long sword
rCold    . . .     Gourm    .   c - +0 shield
rNeg     . . .     Faith    .   v - +0 ring mail
rPois    .         Spirit   .   (no helmet)
rElec    .         Reflect  .   (no cloak)
rCorr    .         Harm     .   (no gloves)
MR       .....                  (no boots)
Stlth    +.........             o - amulet of magic regeneration
Regen    0.2/turn               p - +1 ring of protection
MPRegen  0.2/turn               (no ring)

@: no status effects
A: hooves 2, slimy green scales 1
a: no special abilities


You were on level 4 of the Dungeon.
You were not hungry.

You visited 1 branch of the dungeon, and saw 4 of its levels.

You collected 155 gold pieces.

Inventory:

Hand Weapons
 a - a +0 long sword (weapon)
Armour
 c - a +0 shield (worn)
 v - a +0 ring mail (worn)
Jewellery
 o - an amulet of magic regeneration (around neck)
 p - a +1 ring of protection (left hand)
 s - an uncursed ring of fire {unknown}
Scrolls
 h - a scroll of blinking {unknown}
 i - a scroll of fog {unknown}
 j - 5 scrolls of identify {unknown}
 k - a scroll of enchant armour {unknown}
 l - a scroll of fear {unknown}
 q - 2 scrolls of remove curse {unknown}
 t - a scroll of immolation {unknown}
 w - a scroll of magic mapping {unknown}
Potions
 d - a potion of might
 e - 2 potions of curing
 g - 2 potions of mutation {unknown}
 n - a potion of haste {unknown}
 r - 2 potions of berserk rage {unknown}
 u - a potion of lignification {unknown}
Comestibles
 b - 2 chunks of flesh
 f - 6 bread rations
 m - 3 meat rations


   Skills:
 + Level 3.6 Fighting
 + Level 3.8 Long Blades
 + Level 4.0 Armour
 + Level 1.3 Dodging
 + Level 0.2 Stealth
 + Level 3.7 Shields


You had 5 spell levels left.
You didn't know any spells.

Dungeon Overview and Level Annotations

Branches:
Dungeon (4/15)
 Temple: D:4-7

Altars:
Hepliaklqana
Nemelex Xobeh
Xom
Yredelemnul


Innate Abilities, Weirdness & Mutations

You have hoof-like feet.
You are partially covered in slimy green scales. (AC +2)


Message History

You closely miss the orc wizard. Your kick misses the orc wizard.
The orc wizard is heavily wounded.
The orc wizard mumbles some strange words.
The orc wizard blinks!
The orc moves out of view.
The orc wizard barely misses you.
You slash the orc wizard!
You kill the orc wizard!
The orc priest invokes the aid of Beogh against you.
Beogh smites you!
The orc priest invokes the aid of Beogh against you.
Beogh smites you!
* * * LOW HITPOINT WARNING * * *
It was a potion of curing.
You feel better.
The orc priest invokes the aid of Beogh against you.
Beogh smites you!
* * * LOW HITPOINT WARNING * * *
An adder comes into view.
The orc priest mumbles some strange prayers to Beogh against you.
Beogh smites you!
You die...

##.##.##.##..###'
#.##......<.'...
######.......###.###+
# ........#..#####.#
#. .#
##........[.##.# #.
#. #.....#.##.##.# #.
#. ###.###.# ##.# ##
#.### ###.# #.. ..#
##...####@..# ####
..#### #.oo.o..o...#
......
#[)#######....# ####
#... ### #....# #.#o
### #....# #.#. +_+
...S.# # #. #+#
#....# #. #.#### #.
.#


You could see 2 orc priests, an adder and 2 orcs.

Vanquished Creatures
  A scorpion (D:4)
  A hound (D:3)
  3 orc wizards
  A worker ant (D:4)
  6 adders
  2 oozes
  5 dart slugs
  7 orcs
  A ball python (D:3)
  9 bats
  3 giant cockroaches
  11 goblins
  6 hobgoblins
  4 jackals (D:2)
  A quokka (D:3)
  6 frilled lizards
  14 kobolds
  6 rats
  A spectral orc (D:2)
88 creatures vanquished.

Notes
Turn   | Place    | Note
-------+----------+-------------------------------------------
     0 | D:1      | Lennu the Demonspawn Fighter began the quest for the Orb.
     0 | D:1      | Reached XP level 1. HP: 18/18 MP: 1/1
   205 | D:1      | You fall through a shaft!
   234 | D:2      | Gained mutation: You have large cloven feet. [demonic ancestry]
   234 | D:2      | Reached XP level 2. HP: 11/24 MP: 2/2
   737 | D:2      | Found a hazy altar of Hepliaklqana.
   845 | D:1      | Reached skill level 3 in Armour
   845 | D:1      | Reached XP level 3. HP: 29/29 MP: 3/3
  1890 | D:2      | Gained mutation: You are partially covered in slimy green scales. (AC +2) [demonic ancestry]
  1890 | D:2      | Reached XP level 4. HP: 35/35 MP: 4/4
  1979 | D:2      | Found a sparkling altar of Nemelex Xobeh.
  2124 | D:2      | Found a basalt altar of Yredelemnul.
  3307 | D:3      | Reached XP level 5. HP: 35/41 MP: 5/5
  3804 | D:3      | Found a faded altar of an unknown god.
  3909 | D:3      | Reached skill level 1 in Dodging
  4162 | D:4      | Gained mutation: You have hoof-like feet. [demonic ancestry]
  4162 | D:4      | Reached XP level 6. HP: 33/47 MP: 6/6
  4322 | D:4      | Reached skill level 4 in Armour
  4363 | D:4      | Found a shimmering altar of Xom.
  4378 | D:4      | Killed from afar by an orc priest

Skill      XL: |  1  2  3  4  5  6 |
---------------+-------------------+-----
Shields        | 3 |  3.7
Long Blades    | 2 3 |  3.8
Armour         | 3 4 |  4.0
Dodging        | 1 |  1.3
Fighting       | |  3.6
Stealth        | |  0.2

Action                   |  1- 3 |  4- 6 || total
-------------------------+-------+-------++-------
Melee: Long sword        |   127 |   172 ||   299
       Kick              |    18 |    47 ||    65
  Use: Potion            |       |     1 ||     1
  Eat: Chunk             |     3 |     9 ||    12
Armor: Scale mail        |    66 |    61 ||   127
       Ring mail         |       |    36 ||    36
Dodge: Dodged            |    47 |    76 ||   123
Block: Shield            |    69 |   100 ||   169
       Rpst.: Long sword |     9 |    21 ||    30
